 Dungeon Crawl Stone Soup version 0.30.1-10-g1249ef9ec4 (webtiles) character file.

Game seed: 7425591567597263394

147 SacredBeard the Grave Robber (level 5, 0/35 HPs)
             Began as a Demonspawn Necromancer on Oct 26, 2023.
             Slain by a goblin
             ... wielding a +2 dagger of protection
             ... led by Robin
              (5 damage)
             ... on level 3 of the Dungeon.
             The game lasted 00:11:55 (2545 turns).

SacredBeard the Grave Robber (DsNe)                 Turns: 2545, Time: 00:11:56

Health: 0/35       AC:  5    Str:  8    XL:     5   Next: 8%
Magic:  0/9        EV: 12    Int: 17    God:
Gold:   139        SH:  0    Dex: 15    Spells: 9/10 levels left

rFire   . . .        f - staff of death
rCold   . . .        (no shield)
rNeg    + . .        k - +0 robe
rPois   .            (no helmet)
rElec   .            (no cloak)
rCorr   +            (no gloves)
SInv    .            (no boots)
Will    .....        (no amulet)
Stlth   ++           d - ring of resist corrosion
HPRegen 0.25/turn    (no ring)
MPRegen 0.11/turn

%: no passive effects
@: no status effects
A: yellow scales 2
a: no special abilities


You were on level 3 of the Dungeon.
You visited 1 branch of the dungeon, and saw 3 of its levels.

You collected 139 gold pieces.

Inventory:

Hand Weapons
 g - a +0 long sword
 r - a +0 club
 s - a +0 club
 t - a +0 hand axe
 w - a +0 dagger
 x - a +0 whip
Armour
 e - a +0 chain mail
 h - a +0 ring mail
 k - a +0 robe (worn)
 m - a +0 leather armour
 u - a +0 leather armour
 v - a +0 leather armour
 y - a +0 leather armour
 z - a +0 leather armour
Magical Staves
 f - a staff of death (weapon)
Jewellery
 d - a ring of resist corrosion (left hand)
Scrolls
 a - a scroll of acquirement {unknown}
 i - a scroll of immolation {unknown}
 l - 2 scrolls of magic mapping {unknown}
 p - a scroll of enchant weapon {unknown}
Potions
 b - a potion of magic
 c - 2 potions of curing {unknown}
 j - a potion of haste {unknown}
 n - 2 potions of berserk rage {unknown}
 o - a potion of lignification {unknown}
 q - a potion of might {unknown}


   Skills:
 - Level 2.0 Armour
 - Level 2.0 Dodging
 - Level 2.0 Stealth
 - Level 3.0 Spellcasting
 + Level 5.6 Necromancy


You had 9 spell levels left.
You knew the following spells:

 Your Spells              Type           Power      Damage    Failure   Level
a - Necrotise             Necr           100%       1d9       1%          1

Your spell library contained the following spells:

 Spells                   Type           Power      Damage    Failure   Level
 Vampiric Draining        Necr           32%        2d8       4%          3
 Slow                     Hex            8%         N/A       17%         1
 Animate Dead             Necr           32%        N/A       17%         4
 Ensorcelled Hibernation  Hex/Ice        4%         N/A       26%         2
 Passwall                 Tmut/Erth      1%         N/A       26%         2
 Agony                    Necr           32%        N/A       43%         5
 Confusing Touch          Hex            2%         N/A       45%         3
 Swiftness                Air            2%         N/A       45%         3


Dungeon Overview and Level Annotations

Branches:
Dungeon (3/15) Zot: 15445

Altars:

Annotations:
D:2 Sigmund
D:3 Robin


Innate Abilities, Weirdness & Mutations

You are mostly covered in yellow scales. (AC +3)


Message History

You completely miss the goblin.
The goblin is heavily wounded.
Your goblin skeleton barely misses the hobgoblin.
Your goblin skeleton hits Robin but does no damage.
Robin hits your goblin skeleton with a +3 short sword of venom!
Your goblin skeleton is destroyed!
The goblin hits you but does no damage.
The goblin hits you with a +2 antimagic dagger.
You closely miss the goblin.
The goblin is heavily wounded.
The goblin hits you with a +2 dagger of protection.
Your goblin skeleton hits the hobgoblin but does no damage.
The goblin barely misses you.
You hit the goblin but do no damage.
The goblin is heavily wounded.
The goblin hits you but does no damage.
The goblin hits you with a +2 dagger of protection.
Your goblin skeleton hits the hobgoblin but does no damage.
You hit the goblin.
The goblin is severely wounded.
The goblin hits you with a +2 dagger of protection.
The goblin barely misses you.
Your goblin skeleton closely misses the hobgoblin.
You closely miss the goblin.
The goblin is severely wounded.
The goblin barely misses you. The goblin hits you but does no damage.
Your goblin skeleton hits the hobgoblin.
The goblin hits you with a +2 dagger of protection.
* * * LOW HITPOINT WARNING * * *
The goblin hits you with a +2 antimagic dagger.
* * * LOW HITPOINT WARNING * * *
You feel your power leaking away.
Casting: Necrotise (safe; 1% risk of failure)
Confirm with . or Enter, or press ? or * to list all spells.
You don't have enough magic to cast this spell.
You hit the goblin.
You kill the goblin!
Your goblin skeleton hits the hobgoblin.
The goblin hits you with a +2 dagger of protection.
You die... # #...#.# # #.###.# # #.# #.# #### # #.# #.# ####... # #.# #.# .....## #.# #.# ...Z. ####.# #.# gg.

.....# #.#
#g#
########.#
#@#
.........#
#)#
##########
#.#
.........###
#.#
######.....#
#.# # #.....#
#.# # #.....#
#.# # #.....#
#.# #
#<....#####.#


You could see 2 hobgoblins, a goblin (strong) and a friendly goblin skeleton.

Vanquished Creatures
  2 orc priests
  3 adders
  A worm (D:2)
  6 orcs
  4 ball pythons
  An endoplasm (D:1)
  A giant cockroach (D:3)
  8 goblins
  5 hobgoblins
  4 jackals (D:3)
  2 kobolds
  2 quokkas
  2 bats (D:1)
  4 frilled lizards (D:2)
  2 rats
47 creatures vanquished.

Vanquished Creatures (collateral kills)
  A dart slug (D:1)
  An orc (D:2)
  A goblin (D:1)
3 creatures vanquished.

Grand Total: 50 creatures vanquished

Notes
Turn   | Place    | Note
-------+----------+-------------------------------------------
     0 | D:1      | SacredBeard the Demonspawn Necromancer began the quest for
                  | the Orb.
     0 | D:1      | Reached XP level 1. HP: 13/13 MP: 3/3
   306 | D:1      | Gained mutation: You are partially covered in yellow
                  | scales. (AC +2) [demonic ancestry]
   306 | D:1      | Reached XP level 2. HP: 19/19 MP: 1/5
  1257 | D:2      | Reached skill level 1 in Armour
  1300 | D:2      | Gained mutation: You are mostly covered in yellow scales.
                  | (AC +3) [demonic ancestry]
  1300 | D:2      | Reached XP level 3. HP: 24/24 MP: 3/6
  1399 | D:2      | Reached XP level 4. HP: 30/30 MP: 2/8
  1756 | D:2      | Reached skill level 5 in Necromancy
  1908 | D:2      | Noticed Sigmund
  2080 | D:3      | Found a faded altar of an unknown god.
  2310 | D:3      | Reached XP level 5. HP: 12/35 MP: 0/9
  2531 | D:3      | Noticed Robin
  2545 | D:3      | Slain by a goblin

Illustrated notes

Levels and vault maps discovered:
D:1:      lightli_arrival_boilingwater, layout_basic, minmay_misc_feat_hallway
D:2:      layout_basic, uniq_sigmund
D:3:      layout_basic, gammafunk_temple_overflow_forgotten,
          basic_ecumenical_altar, uniq_robin

Skill      XL: |  1  2  3  4 |
---------------+-------------+-----
Stealth        | 2 |  2.0
Dodging        | 2 |  2.0
Armour         | 1 2 |  2.0
Necromancy     | 5 |  5.6
Spellcasting   | 3 |  3.0

Action                     |  1- 3 |  4- 6 || total
---------------------------+-------+-------++-------
  Melee: Unarmed           |     4 |       ||     4
         Staff             |     4 |    26 ||    30
   Cast: Necrotise         |    37 |    48 ||    85
 Armour: Robe              |     2 |    13 ||    15
  Dodge: Dodged            |    14 |    27 ||    41
